 Dungeon Crawl Stone Soup version 0.31-a0-161-gb58dd9be76 (webtiles) character file.

Game seed: 1506420104336097580

153 qw the Shooter (level 5, -15/49 HPs)
             Began as a Naga Hunter on June 12, 2023.
             Was an Initiate of Okawaru.
             Demolished by an ogre
             ... wielding a +0 giant spiked club
              (22 damage)
             ... on level 3 of the Dungeon.
             The game lasted 00:00:52 (2371 turns).

qw the Shooter (Naga Hunter)                        Turns: 2371, Time: 00:00:52

Health: -15/49     AC:  9    Str: 12 (13) XL:     5   Next: 35%
Magic:  5/5        EV: 12    Int: 10      God:    Okawaru [......]
Gold:   91         SH:  0    Dex: 16 (18) Spells: 4/4 levels left

rFire   . . .        Y - +0 shortbow
rCold   . . .        (shield currently unavailable)
rNeg    . . .        c - +0 leather armour
rPois   +            (no helmet)
rElec   .            (no cloak)
rCorr   .            f - +0 pair of gloves
SInv    +            a - +1 barding of the Monk {Dex+2}
Will    .....        (no amulet)
Stlth   ++           e - +5 ring of evasion
HPRegen 0.28/turn    (no ring)
MPRegen 0.09/turn

%: no passive effects
@: short of breath, very slow
A: AC +1, large, see invisible, deformed body, poison resistance, slowness 2,
spit poison 1, naga tail 1
a: Spit Poison, Renounce Religion


You were on level 3 of the Dungeon.
You worshipped Okawaru.
Okawaru was noncommittal.
You visited 1 branch of the dungeon, and saw 4 of its levels.

You collected 91 gold pieces.


Innate Abilities, Weirdness & Mutations

Your serpentine skin is tough. (AC +1)
You have supernaturally acute eyesight. (SInv)
Armour fits poorly on your strangely shaped body.
Your system is resistant to poisons. (rPois)
You cover ground very slowly.
You can spit poison.
You have a snake-like lower body.


   Skills:
 - Level 3.1 Fighting
 + Level 5.2 Ranged Weapons
 - Level 1.0 Armour
 - Level 1.5 Dodging
 - Level 1.5 Stealth


You had 4 spell levels left.
You didn't know any spells.
Your spell library was empty.

Inventory:

Hand Weapons
 Y - a +0 shortbow (weapon)
Armour
 a - the +1 barding of the Monk (worn) {Dex+2}
   (You acquired it on level 2 of the Dungeon)

   Dex:       It affects your dexterity (+2).
 c - a +0 leather armour (worn)
 f - a +0 pair of gloves (worn)
Jewellery
 e - a +5 ring of evasion (left hand)
 i - a ring of ice
Scrolls
 d - a scroll of identify
Potions
 b - a potion of might
 g - a potion of haste

Dungeon Overview and Level Annotations

Branches:
Dungeon (4/15)
 Temple: D:4-7

Altars:
Okawaru
Wu Jian

Shops:
D:2 [[*=


Message History

You shoot an arrow. The arrow hits the orc!
You kill the orc!
Okawaru accepts your kill.
You have got your breath back.
You start resting.
HP restored.
Done exploring.
(D) Dungeon
Where to? (* - list waypoints, Enter - D:4, ? - help)
What level of the Dungeon? (default 1, ? - help)
You climb downwards.
The scorpion stings you but does no damage.
The goblin hits you with a +0 club. The scorpion closely misses you.
There is a stone staircase leading up here.
2367 ||| INVOKING Spit Poison.
Aiming: Spit Poison (1% risk of failure)
Press: ? - help, Shift-Dir - straight line, f - ogre The splash of poison hits the ogre but does no damage.
The ogre is poisoned.
The ogre hits you with a +0 giant spiked club!!
The goblin closely misses you. The scorpion completely misses you.
2368 ||| STAIRDANCE The goblin barely misses you.
The scorpion stings you but does no damage.
The ogre hits you with a +0 giant spiked club!!
You climb upwards.
There is a stone staircase leading down here.
You shoot an arrow.
The arrow hits the ogre but does no damage.
The ogre is lightly wounded.
You have got your breath back.
The scorpion barely misses you. The goblin barely misses you.
2371 ||| INVOKING Spit Poison.
Aiming: Spit Poison (1% risk of failure)
Press: ? - help, Shift-Dir - straight line, f/p - ogre The splash of poison misses the ogre.
The scorpion stings you but does no damage.
The goblin hits you but does no damage.
The ogre hits you with a +0 giant spiked club!!
You die...

.######...#### #.##..#....#
..# #8...8#.# #.##.##.#.##
#######...##.# ##....##.#.#
8###8##...##.# #...####.#.#
..........##.#####..### #.#.#
..........}#...#<.....###'#.#
..........###..#..#.#.......#
8###8##...# #...sg#.#...)...#
## ####...###.##@O..........#
## #.#8...8#..###[###.....#.#
.###.##...#######.#..######.#
## .#...##...#
#.....#..######.# #.
.....##...###)#####.........#
#. .#.#.#8...8 #...#
#..###########. ##.#.##...#
###.# #.#########....
#.#.##...##
#.####..~~¤¤~..##.#
##.#.##....#
#....#.~..¤¤.~¤##.#


You could see an ogre (poisoned), a scorpion and a goblin.

Vanquished Creatures
  2 orc wizards (D:3)
  3 adders
  2 worms
  2 dart slugs (D:2)
  2 orcs
  8 endoplasms
  3 giant cockroaches
  7 goblins
  9 hobgoblins
  4 kobolds
  2 quokkas (D:3)
  7 ball pythons
  4 bats
  3 frilled lizards
  6 rats
64 creatures vanquished.

Notes
Turn   | Place    | Note
-------+----------+-------------------------------------------
     0 | D:1      | qw the Naga Hunter began the quest for the Orb.
     0 | D:1      | Reached XP level 1. HP: 19/19 MP: 1/1
     0 | D:1      | 0 ||| qw: Version: 0.2-a-29-gc1b59c4
     0 | D:1      | 0 ||| qw: Game counter: 4244
     0 | D:1      | 0 ||| qw: Always use a shield: true
     0 | D:1      | 0 ||| qw: God list: Okawaru
     0 | D:1      | 0 ||| qw: Allow faded altars: false
     0 | D:1      | 0 ||| qw: Do Orc after D:15 true
     0 | D:1      | 0 ||| qw: Do second Lair branch before Depths: true
     0 | D:1      | 0 ||| qw: Lair rune preference: random
     0 | D:1      | 0 ||| qw: Plans: Normal
     0 | D:1      | 0 ||| PLANNING D:1-11
    20 | D:1      | 20 ||| INVOKING Spit Poison.
   194 | D:1      | 194 ||| INVOKING Spit Poison.
   216 | D:1      | 216 ||| INVOKING Spit Poison.
   234 | D:1      | You fall into a shaft and drop 1 floor!
   235 | D:2      | 235 ||| STAIRDANCE
   292 | D:1      | 292 ||| INVOKING Spit Poison.
   293 | D:1      | Reached skill level 4 in Ranged Weapons
   293 | D:1      | Reached XP level 2. HP: 26/26 MP: 2/2
   404 | D:1      | 404 ||| INVOKING Spit Poison.
   524 | D:1      | 524 ||| INVOKING Spit Poison.
   529 | D:1      | 529 ||| INVOKING Spit Poison.
   534 | D:1      | 534 ||| INVOKING Spit Poison.
   622 | D:1      | 622 ||| READING scroll labelled HONUWI QAHOVEO.
   623 | D:1      | 623 ||| READING scroll labelled MAXEAH FOPE.
   624 | D:1      | 624 ||| READING scroll labelled HEOPLO DEITOGE.
   625 | D:1      | 625 ||| DROPPING scroll of butterflies.
   670 | D:2      | 670 ||| INVOKING Spit Poison.
   673 | D:2      | 673 ||| INVOKING Spit Poison.
   674 | D:2      | Reached XP level 3. HP: 32/32 MP: 3/3
   716 | D:2      | Found Qiryijuxy's Assorted Antiques.
   720 | D:2      | 720 ||| INVOKING Spit Poison.
   727 | D:2      | 727 ||| SHOPLISTING bound pewter ring (125 gold, have 19).
   727 | D:2      | 727 ||| SHOPLISTING large sapphire amulet (125 gold, have
                  | 19).
   727 | D:2      | 727 ||| SHOPLISTING scroll labelled FIUBIA RANLAGE (25
                  | gold, have 19).
   727 | D:2      | 727 ||| SHOPLISTING scroll labelled JAYCALL FEGOFONNO (25
                  | gold, have 19).
   727 | D:2      | 727 ||| SHOPLISTING scroll labelled XYEXKY KAARACUNG (25
                  | gold, have 19).
   727 | D:2      | 727 ||| SHOPLISTING twisted wooden ring (125 gold, have
                  | 19).
   759 | D:2      | Found Eloppopu's Antique Armour Shop.
   762 | D:2      | 762 ||| SHOPLISTING +0 mask of the Dragon {Will+ Slay+3
                  | SInv} (868 gold, have 19).
   762 | D:2      | 762 ||| SHOPLISTING runed hat (182 gold, have 19).
   762 | D:2      | 762 ||| SHOPLISTING spiked hat (234 gold, have 19).
   786 | D:2      | 786 ||| INVOKING Spit Poison.
   823 | D:2      | 823 ||| INVOKING Spit Poison.
   915 | D:2      | 915 ||| INVOKING Spit Poison.
   946 | D:2      | 946 ||| INVOKING Spit Poison.
   971 | D:2      | 971 ||| INVOKING Spit Poison.
   987 | D:2      | Found Muluif's Jewellery Shop.
   995 | D:2      | 995 ||| SHOPLISTING +4 ring of slaying (1092 gold, have
                  | 29).
   995 | D:2      | 995 ||| SHOPLISTING +6 ring of dexterity (504 gold, have
                  | 29).
   995 | D:2      | 995 ||| SHOPLISTING amulet of faith (560 gold, have 29).
   995 | D:2      | 995 ||| SHOPLISTING ring of fire (350 gold, have 29).
   995 | D:2      | 995 ||| SHOPLISTING ring of positive energy (280 gold, have
                  | 29).
   995 | D:2      | 995 ||| SHOPLISTING ring of protection from fire (350 gold,
                  | have 29).
   995 | D:2      | 995 ||| SHOPLISTING ring of resist corrosion (280 gold,
                  | have 29).
  1043 | D:2      | 1043 ||| INVOKING Spit Poison.
  1049 | D:2      | 1049 ||| INVOKING Spit Poison.
  1072 | D:2      | 1072 ||| INVOKING Spit Poison.
  1075 | D:2      | 1075 ||| INVOKING Spit Poison.
  1151 | D:2      | 1151 ||| INVOKING Spit Poison.
  1174 | D:2      | 1174 ||| INVOKING Spit Poison.
  1192 | D:2      | Noticed an animated plate armour
  1193 | D:2      | Found Dywois's Armour Emporium.
  1194 | D:2      | 1194 ||| UPGRADING to +0 pair of gloves.
  1199 | D:2      | 1199 ||| INVOKING Spit Poison.
  1203 | D:2      | Noticed an animated pearl dragon scales
  1211 | D:2      | 1211 ||| SHOPLISTING +2 pair of gloves (231 gold, have 29).
  1211 | D:2      | 1211 ||| SHOPLISTING +6 lightning scales {swift, rElec}
                  | (938 gold, have 29).
  1348 | D:2      | 1348 ||| INVOKING Spit Poison.
  1363 | D:2      | Reached skill level 5 in Ranged Weapons
  1392 | D:2      | Reached XP level 4. HP: 39/39 MP: 4/4
  1415 | D:2      | 1415 ||| READING scroll labelled UDDECSE DAXTOCIQO.
  1484 | D:2      | 1484 ||| READING scroll labelled BUPNAZ ZIOPOM.
  1484 | D:2      | Identified a scroll of acquirement
  1484 | D:2      | 1484 ||| ACQUIRING +1 barding of the Monk {Dex+2}
  1484 | D:2      | Acquired the +1 barding of the Monk {Dex+2}
  1486 | D:2      | 1486 ||| UPGRADING to +1 barding of the Monk {Dex+2}.
  1491 | D:2      | 1491 ||| READING scroll labelled UJUQULIDOE.
  1492 | D:2      | 1492 ||| READING 2 scrolls of identify.
  1492 | D:2      | 1492 ||| IDENTIFYING metallic emerald potion
  1541 | D:3      | Found an ornate altar of the Wu Jian Council.
  1572 | D:3      | 1572 ||| INVOKING Spit Poison.
  1627 | D:3      | 1627 ||| INVOKING Spit Poison.
  1661 | D:3      | Found an iron altar of Okawaru.
  1662 | D:3      | 1662 ||| PLANNING OKAWARU WORSHIP
  1662 | D:3      | 1662 ||| DRINKING 2 fuming ruby potions.
  1663 | D:3      | 1663 ||| DROPPING potion of degeneration.
  1671 | D:3      | Became a worshipper of Warmaster Okawaru
  1671 | D:3      | 1671 ||| PLANNING D:1-11
  1723 | D:3      | Found a faded altar of an unknown god.
  1777 | D:3      | 1777 ||| INVOKING Spit Poison.
  1781 | D:3      | 1781 ||| INVOKING Spit Poison.
  1782 | D:3      | Reached skill level 1 in Armour
  1792 | D:3      | 1792 ||| INVOKING Spit Poison.
  1795 | D:3      | 1795 ||| INVOKING Spit Poison.
  1843 | D:3      | 1843 ||| INVOKING Spit Poison.
  1894 | D:3      | 1894 ||| INVOKING Spit Poison.
  1919 | D:3      | 1919 ||| INVOKING Spit Poison.
  1987 | D:3      | 1987 ||| INVOKING Spit Poison.
  2023 | D:3      | 2023 ||| INVOKING Spit Poison.
  2143 | D:3      | 2143 ||| INVOKING Spit Poison.
  2267 | D:3      | 2267 ||| UPGRADING to +5 ring of evasion.
  2268 | D:3      | 2268 ||| DRINKING 2 murky red potions.
  2269 | D:3      | 2269 ||| READING 3 scrolls of identify.
  2269 | D:3      | 2269 ||| IDENTIFYING emerald potion
  2270 | D:3      | 2270 ||| READING 2 scrolls of identify.
  2270 | D:3      | 2270 ||| IDENTIFYING fizzy dark potion
  2271 | D:3      | 2271 ||| DROPPING potion of lignification.
  2272 | D:3      | 2272 ||| DROPPING potion of attraction.
  2304 | D:4      | Noticed an ogre
  2305 | D:4      | 2305 ||| INVOKING Spit Poison.
  2307 | D:4      | Noticed a scorpion
  2310 | D:4      | 2310 ||| INVOKING Spit Poison.
  2313 | D:4      | 2313 ||| STAIRDANCE
  2315 | D:3      | 2315 ||| INVOKING Spit Poison.
  2319 | D:3      | Reached skill level 3 in Fighting
  2319 | D:3      | Reached XP level 5. HP: 44/49 MP: 5/5
  2323 | D:3      | 2323 ||| INVOKING Spit Poison.
  2327 | D:3      | 2327 ||| INVOKING Spit Poison.
  2367 | D:4      | 2367 ||| INVOKING Spit Poison.
  2368 | D:4      | 2368 ||| STAIRDANCE
  2368 | D:4      | HP: 6/49 [ogre/+0 giant spiked club (20)]
  2371 | D:3      | 2371 ||| INVOKING Spit Poison.
  2371 | D:3      | Demolished by an ogre

Levels and vault maps discovered:
D:1:      minmay_arrival_open_corners, layout_loops_ring
D:2:      layout_loops_ring, serial_shops, nicolae_shop_mannequins, shop_statue,
          nicolae_shop_temple_entry_statues_fountains, shop,
          chequers_serial_rivers_small_b, amcnicky_mini_corridor_feature,
          st_stairs_7, minmay_misc_feat_ornament, hangedman_decor_slide_cut
D:3:      layout_basic, mainiacjoe_overflow_paths, nzn_wu_jian_contemplation,
          hellmonk_ecumenical_altar_heavens_door, serial_corexii_hall,
          corexii_hall_statues_u, corexii_hall_statues_t,
          chequers_hall_statues_y
D:4:      layout_rooms, kiku_gazebo_pond_becter

Skill      XL: |  1  2  3  4 |
---------------+-------------+-----
Ranged Weapons | 4 5 |  5.2
Armour         | 1 |  1.0
Fighting       | 3 |  3.1
Dodging        | |  1.5
Stealth        | |  1.5

Action                     |  1- 3 |  4- 6 || total
---------------------------+-------+-------++-------
   Fire: Shortbow          |    73 |    45 ||   118
Ability: Spit Poison       |    24 |    19 ||    43
    Use: Scroll            |     3 |     6 ||     9
         Potion            |       |     2 ||     2
 Armour: Leather armour    |     2 |    36 ||    38
  Dodge: Dodged            |    12 |    42 ||    54

Table legend:
 A = Non-vault XP
 B = Vault XP
 C = Vault XP percentage of total XP
 D = Non-vault monster count
 E = Vault monster count
 F = Vault count percentage of total count
                 A         B        C        D         E       F
            +---------+---------+-------+---------+---------+-------
      Total |     205 |      14 |   6.4 |      62 |       2 |   3.1
            +---------+---------+-------+---------+---------+-------
        D:1 |      19 |       0 |   0.0 |      11 |       0 |   0.0
        D:2 |      49 |      14 |  22.2 |      26 |       2 |   7.1
        D:3 |     134 |       0 |   0.0 |      24 |       0 |   0.0
        D:4 |       3 |       0 |   0.0 |       1 |       0 |   0.0
            +---------+---------+-------+---------+---------+-------
